 Dungeon Crawl Stone Soup version 0.25.0-9-g26727b6 (webtiles) character file.

Game seed: 10284805160362848259

26221 Firecrotchwizard the Fencer (level 12, -4/168 HPs)
             Began as a Minotaur Berserker on June 19, 2020.
             Was a High Priest of Trog.
             Slain by a death yak (20 damage)
             ... on level 2 of the Lair of Beasts.
             The game lasted 00:25:21 (15293 turns).

Firecrotchwizard the Fencer (Minotaur Berserker)   Turns: 15293, Time: 00:25:22

Health: -4/168     AC: 20    Str: 24    XL:     12   Next: 96%
Magic:  11/11      EV: 14    Int: 10    God:    Trog [*****.]
Gold:   768        SH:  0    Dex: 17    Spells: 11/11 levels left

rFire    + . .     SeeInvis .   k - +1 scimitar (flame)
rCold    . . .     Gourm    .   (no shield)
rNeg     . . .     Faith    .   N - +0 plate armour
rPois    .         Spirit   .   (helmet restricted)
rElec    .         Reflect  .   (no cloak)
rCorr    .         Harm     .   F - +0 pair of gloves "Waser" {rF+ Int+4}
MR       .....                  (no boots)
Stlth    ..........             x - amulet of the acrobat
HPRegen  0.38/turn              y - +4 ring of protection
MPRegen  0.12/turn              m - +6 ring of dexterity

@: berserking, very quick
A: retaliatory headbutt, horns 2
a: Berserk, Trog's Hand, Brothers in Arms, Renounce Religion


You were on level 2 of the Lair of Beasts.
You worshipped Trog.
Trog was extremely pleased with you.
You were not hungry.

You visited 2 branches of the dungeon, and saw 14 of its levels.

You collected 768 gold pieces.

Inventory:

Hand Weapons
 a - a +1 falchion
 k - a +1 scimitar of flaming (weapon)
 I - a +0 scimitar
 K - the +9 short sword of the Seeker {vorpal, rPois rC- rN+++ Str+4}
   (You took it off an orc warrior on level 7 of the Dungeon)

   It inflicts extra damage upon your enemies.
   It affects your strength (+4).
   It makes you vulnerable to cold.
   It protects you from poison.
   It renders you almost immune to negative energy.
 M - the +5 falchion "Toixigru" {drain, +Blink MR- Dex+6 Stlth+}
   (You found it on level 8 of the Dungeon)

   A truly terrible weapon, it drains the life of those it strikes.
   It affects your dexterity (+6).
   It affects your resistance to hostile enchantments.
   It lets you blink.
   It makes you more stealthy.
 U - a +3 scimitar
Missiles
 J - 2 throwing nets (quivered)
Armour
 F - the +0 pair of gloves "Waser" (worn) {rF+ Int+4}
   (You found it on level 7 of the Dungeon)

   It affects your intelligence (+4).
   It protects you from fire.
 N - a +0 plate armour (worn)
Jewellery
 m - a +6 ring of dexterity (right hand)
 q - an uncursed ring of see invisible
 x - an amulet of the acrobat (around neck)
 y - a +4 ring of protection (left hand)
 A - a +6 ring of strength
 R - an uncursed ring of ice
 V - the ring "Negu" {rPois Str+2}
   (You found it on level 2 of the Lair of Beasts)

   [ring of poison resistance]

   It affects your strength (+2).
   It protects you from poison.
Wands
 d - a wand of clouds (2)
 j - a wand of polymorph (15)
 o - a wand of random effects (4)
 B - a wand of iceblast (12)
Scrolls
 g - 4 scrolls of remove curse
 h - 2 scrolls of enchant weapon
 i - 4 scrolls of identify
 C - a scroll of teleportation
 E - 2 scrolls of enchant armour
 L - 2 scrolls of fog
 O - 2 scrolls of magic mapping
Potions
 e - 3 potions of magic
 f - 2 potions of flight {unknown}
 l - 3 potions of mutation {unknown}
 n - 2 potions of invisibility
 p - 2 potions of haste {unknown}
 r - 5 potions of curing
 s - 2 potions of heal wounds {unknown}
 v - 5 potions of lignification
 w - a potion of berserk rage {unknown}
 z - 2 potions of cancellation {unknown}
 S - a potion of stabbing {unknown}
 T - a potion of might {unknown}
Miscellaneous
 D - a tin of tremorstones (3/3)
 G - 2 phantom mirrors
 H - 2 boxes of beasts
Comestibles
 c - 21 rations


   Skills:
 + Level 12.1 Fighting
 * Level 16.1 Long Blades
 + Level 11.9 Armour
 + Level 11.0 Dodging


You had 11 spell levels left.
You didn't know any spells.
Your spell library was empty.

Dungeon Overview and Level Annotations

Branches:
Dungeon (11/15)            Temple (0/1) D:4            Lair (3/6) D:10
  Swamp (0/4) Lair:2
  Snake: Lair:2-4    Spider: Lair:2-4       Orc: D:9-12

Altars:
Makhleb
Xom

Shops:
D:5 :

Annotations:
D:9 2 transporters, Giumaukk's ghost, novice HaHu
Lair:1 exclusion: 2 oklob plants


Innate Abilities, Weirdness & Mutations

You reflexively headbutt those who attack you in melee.
You have a pair of horns on your head.


Message History

You hit the death yak but do no damage.
The death yak is moderately wounded.
You barely miss the death yak.
The death yak is moderately wounded.
The death yak misses you.
You hit the death yak. You burn the death yak.
The death yak is moderately wounded.
You slash the death yak! You burn the death yak. You headbutt the death yak.
The death yak is heavily wounded.
The death yak gores you!
* * * LOW HITPOINT WARNING * * *
You barely miss the death yak.
You headbutt the death yak, but do no damage.
The death yak is heavily wounded.
The death yak gores you!
* * * LOW HITPOINT WARNING * * *
A red film seems to cover your vision as you go berserk!
You feel yourself moving faster!
You feel mighty!
You feel a lot more hungry. The death yak gores you!!
You die...

................................#
.................................
....................(......###...
....).....)......(.........#.....
...........P....#.###P.....#.....
.....................[.....P.....
.##.#####........................
..### ##.......Y...............
.## #...###@##........#..... ..#
#...####†.........###.#. .##
#....# ###.............. .#
#...## #.÷>........... .## #...#
#.÷...####.###. ..########...#
##......# ### ## .##.##.#P....#
#.......# # .............#
#......## ## .............#
##.....### #.


You could see a death yak.

Vanquished Creatures
  Josephine (D:10)
  Harold (D:7)
  2 hydras
  Fannar (D:10)
  2 two-headed ogres
  4 death yaks (Lair:2)
  Pikel (D:7)
  A black mamba (Lair:2)
  2 elephants (Lair:2)
  A gargoyle (D:10)
  5 spiny frogs
  2 komodo dragons (Lair:1)
  A queen bee (Lair:2)
  2 trolls
  7 hippogriffs
  2 bog bodies (Lair:2)
  A blink frog (Lair:2)
  4 wyverns
  8 wraiths
  5 yaks
  4 basilisks
  2 hungry ghosts
  Menkaure (D:7)
  An acid dragon (D:10)
  9 water moccasins
  3 porcupines
  3 ice beasts
  2 orc warriors
  A slave (D:7)
  5 wolves (Lair:1)
  A necrophage (D:9)
  4 phantoms
  3 ogres
  7 centaurs
  15 crocodiles
  2 big kobolds (D:10)
  A gnoll sergeant (D:7)
  18 bullfrogs
  2 wyvern zombies
  5 scorpions
  2 wyvern skeletons
  26 killer bees (Lair:2)
  A wight (D:7)
  2 howler monkeys
  6 crimson imps
  A bullfrog zombie (D:5)
  3 orc priests
  15 orc wizards
  5 centaur skeletons
  4 jellies
  5 hounds
  3 iguanas
  2 bullfrog skeletons
  10 worker ants
  3 hound skeletons
  A worker ant zombie (D:6)
  4 gnolls (D:7)
  20 adders
  2 river rats (D:3)
  4 shadow imps
  2 adder zombies (D:5)
  6 worms
  A dart slug (D:1)
  7 leopard geckos
  34 orcs
  A ball python (D:5)
  5 giant cockroaches
  5 goblins
  8 hobgoblins
  11 jackals
  10 kobolds
  5 quokkas
  4 bats
  6 frilled lizards
  A leopard gecko skeleton (D:5)
  A leopard gecko zombie (D:6)
  9 rats
377 creatures vanquished.

Vanquished Creatures (collateral kills)
  A bullfrog (Lair:2)
1 creature vanquished.

Grand Total: 378 creatures vanquished

Notes
Turn   | Place    | Note
-------+----------+-------------------------------------------
     0 | D:1      | Firecrotchwizard the Minotaur Berserker began the quest for
                  | the Orb.
     0 | D:1      | Reached XP level 1. HP: 19/19 MP: 0/0
   199 | D:1      | Reached XP level 2. HP: 26/27 MP: 1/1
   201 | D:1      | Reached skill level 4 in Long Blades
  1056 | D:2      | Reached XP level 3. HP: 32/33 MP: 2/2
  1200 | D:2      | Reached ** piety under Trog
  2092 | D:2      | Reached XP level 4. HP: 29/40 MP: 3/3
  2700 | D:3      | Reached skill level 5 in Long Blades
  2713 | D:3      | Reached XP level 5. HP: 18/47 MP: 4/4
  3273 | D:3      | Reached XP level 6. HP: 47/55 MP: 5/5
  3483 | D:3      | Reached skill level 5 in Fighting
  3483 | D:3      | Reached skill level 6 in Long Blades
  3616 | D:2      | Found a shimmering altar of Xom.
  3645 | D:3      | Reached *** piety under Trog
  4098 | D:4      | You fall into a shaft and drop 3 floors!
  4307 | D:7      | Noticed Menkaure
  4313 | D:7      | Reached XP level 7. HP: 30/61 MP: 6/6
  4317 | D:7      | Killed Menkaure
  4317 | D:7      | Reached skill level 7 in Long Blades
  4473 | D:7      | Reached skill level 5 in Armour
  4692 | D:7      | Noticed a seven-headed hydra
  4918 | D:6      | Reached skill level 8 in Long Blades
  4918 | D:6      | Reached skill level 5 in Dodging
  4918 | D:6      | Reached XP level 8. HP: 70/70 MP: 7/7
  5031 | D:5      | Entered Level 5 of the Dungeon
  5157 | D:5      | Reached **** piety under Trog
  5157 | D:5      | Reached skill level 9 in Long Blades
  5807 | D:4      | Reached XP level 9. HP: 54/79 MP: 8/8
  6516 | D:4      | Found a staircase to the Ecumenical Temple.
  6866 | D:5      | Found Tuekk's Book Boutique.
  7210 | D:6      | Reached skill level 10 in Long Blades
  7326 | D:6      | Found a shimmering altar of Xom.
  7326 | D:6      | Found a burning altar of Makhleb.
  7789 | D:7      | Killed a seven-headed hydra
  7789 | D:7      | Reached skill level 11 in Long Blades
  7991 | D:7      | Got a pair of smoking gloves
  7997 | D:7      | Identified the +0 pair of gloves "Waser" {rF+ Int+4} (You
                  | found it on level 7 of the Dungeon)
  8059 | D:7      | Noticed Harold
  8073 | D:7      | Reached XP level 10. HP: 62/90 MP: 9/9
  8214 | D:7      | Reached ***** piety under Trog
  8237 | D:7      | Killed Harold
  8269 | D:7      | Identified the +9 short sword of the Seeker {vorpal, rPois
                  | rC- rN+++ Str+4}
  8923 | D:7      | Noticed Pikel
  8930 | D:7      | Killed Pikel
  8930 | D:7      | Reached skill level 12 in Long Blades
  9140 | D:8      | Noticed a two-headed ogre
  9146 | D:8      | Killed a two-headed ogre
  9516 | D:8      | Got an encrusted falchion
  9517 | D:8      | Identified the +5 falchion "Toixigru" {drain, +Blink MR-
                  | Dex+6 Stlth+} (You found it on level 8 of the Dungeon)
 10512 | D:9      | Reached XP level 11. HP: 97/99 MP: 10/10
 10513 | D:9      | Reached skill level 13 in Long Blades
 10529 | D:9      | Found a transporter.
 10532 | D:9      | Found a transporter.
 10535 | D:9      | Noticed a glowing orange brain
 10553 | D:9      | Noticed Giumaukk's ghost (novice HaHu)
 10904 | D:10     | Entered Level 10 of the Dungeon
 10904 | D:10     | Noticed Josephine
 11088 | D:9      | Reached skill level 10 in Fighting
 11163 | D:10     | Killed Josephine
 11234 | D:10     | Noticed Fannar
 11444 | D:10     | Killed Fannar
 11444 | D:10     | Reached skill level 10 in Armour
 11490 | D:10     | Noticed a two-headed ogre
 11502 | D:10     | Killed a two-headed ogre
 11842 | D:10     | Reached skill level 14 in Long Blades
 12073 | D:10     | Found a staircase to the Lair.
 12392 | Lair:1   | Entered Level 1 of the Lair of Beasts
 12478 | Lair:1   | Received a gift from Trog
 12557 | Lair:1   | Noticed an oklob plant
 12557 | Lair:1   | Noticed an oklob plant
 12896 | Lair:1   | Reached skill level 10 in Dodging
 12896 | Lair:1   | Reached XP level 12. HP: 99/110 MP: 11/11
 13654 | Lair:2   | Reached skill level 15 in Long Blades
 13868 | Lair:2   | Got a wavering silver ring
 13870 | Lair:2   | Identified the ring "Negu" {rPois Str+2} (You found it on
                  | level 2 of the Lair of Beasts)
 14298 | Lair:2   | Noticed a four-headed hydra
 14309 | Lair:2   | Killed a four-headed hydra
 14371 | Lair:2   | Found a staircase to the Swamp.
 14554 | Lair:2   | Received a gift from Trog
 15016 | Lair:3   | Noticed a death yak
 15016 | Lair:3   | Noticed a death yak
 15016 | Lair:3   | Noticed a death yak
 15016 | Lair:3   | Noticed a death yak
 15017 | Lair:3   | Noticed a death yak
 15017 | Lair:3   | Noticed a death yak
 15037 | Lair:2   | Killed a death yak
 15041 | Lair:2   | Killed a death yak
 15041 | Lair:2   | Reached skill level 16 in Long Blades
 15279 | Lair:2   | Killed a death yak
 15286 | Lair:2   | Killed a death yak
 15293 | Lair:2   | Slain by a death yak

Illustrated notes

Levels and vault maps discovered:
D:1:      heliophobic_arrival_henge, layout_loops_ring, serial_glass,
          glass_columns_a, glass_columns_b, glass_columns_c, glass_columns_c,
          glass_columns_a, glass_columns_c, glass_columns_a, glass_columns_a,
          grunt_decor_mini_mirrors
D:2:      lemuel_upstairs_altar, layout_basic
D:3:      layout_loops_ring, lightli_sewer_entry_pipes
D:4:      layout_basic, lemuel_temple_firewalk_b, first_ration
D:5:      layout_basic, serial_shops,
          nicolae_shop_temple_entry_statues_fountains
D:6:      layout_gridville, grunt_temple_overflow_champion_of_chaos,
          minmay_holes
D:7:      minmay_the_grid_octo_triangle [minmay_the_grid_octo_fat_diamond,
          minmay_the_grid_octo_prize_single_spiral, minmay_the_grid_octo_focus],
          layout_basic, lemuel_flame_loot_1, uniq_harold, uniq_pikel,
          uniq_menkaure
D:8:      layout_gridville, minmay_quadrilaterals
D:9:      layout_long_grid, gammafunk_ghost_arena
D:10:     layout_rooms, erik_lair_dragon, uniq_josephine, uniq_fannar
D:11:     layout_long_grid, hangedman_ranch [blue_anna_fruit_fields],
          hangedman_abyss_or_decor_stagger
Lair:1:   statuecave_lemuel, layout_hall_layers, grunt_megastairs_5,
          minmay_lair_oklob_chamber
Lair:2:   regret_index_combs_of_tragedy, layout_chaotic_city,
          skrybe_swamp_entry_bodies
Lair:3:   layout_regular_city, minmay_snake_entry_guardpost_medium,
          minmay_lair_oklob_bushes, uniq_snorg

Skill      XL: |  1  2  3  4  5  6  7  8  9 10 11 12 |
---------------+-------------------------------------+-----
Long Blades    | 4 5 6 8 9 11 12 14 16 | 16.1
Fighting       | 4 5 6 7 8 9 11 12 | 12.1
Armour         | 3 4 5 6 8 9 10 11 | 11.9
Dodging        | 3 4 5 6 7 8 10 11 | 11.0

Action                   |  1- 3 |  4- 6 |  7- 9 | 10-12 || total
-------------------------+-------+-------+-------+-------++-------
Melee: Falchion          |    84 |   142 |   246 |   252 ||   724
       Headbutt          |     9 |    26 |    73 |   220 ||   328
       Short sword       |       |       |       |    63 ||    63
       Scimitar          |       |       |       |   249 ||   249
Invok: Berserk           |       |     1 |     1 |     2 ||     4
       Trog's Hand       |       |     1 |       |     1 ||     2
Evoke: Wand              |       |       |     6 |     5 ||    11
  Use: Scroll            |       |     9 |     9 |     4 ||    22
  Eat: Chunk             |     4 |     8 |    13 |    22 ||    47
       Ration            |       |       |       |     2 ||     2
Armor: Animal skin       |     3 |       |       |       ||     3
       Leather armour    |    15 |     2 |       |       ||    17
       Ring mail         |       |    26 |       |       ||    26
       Scale mail        |       |     3 |    15 |       ||    18
       Chain mail        |       |       |    57 |    15 ||    72
       Plate armour      |       |       |       |   173 ||   173
Dodge: Dodged            |    42 |    70 |   174 |   346 ||   632
       Rpst.: Falchion   |    10 |    18 |    56 |    40 ||   124
       Scimitar          |       |       |       |    42 ||    42
